 Dungeon Crawl Stone Soup version 0.20.1-1-g8b1a95d (webtiles) character file.

4034 Milesaru the Archer (level 10, -1/71 HPs)
             Began as a Centaur Arcane Marksman on July 28, 2017.
             Was a Follower of Okawaru.
             Slain by a killer bee (3 damage)
             ... on level 5 of the Dungeon.
             The game lasted 00:58:59 (9896 turns).

Milesaru the Archer (Centaur Arcane Marksman)       Turns: 9896, Time: 00:59:00

Health: -1/71      AC: 13    Str: 17 (19) XL:     10   Next: 4%
Magic:  11/11      EV:  7    Int: 12 (13) God:    Okawaru [*.....]
Gold:   498        SH:  3    Dex: 10 (13) Spells: 8/11 levels left

rFire    + . .     SeeInvis .   t - +2 dagger (drain)
rCold    . . .     Gourm    .   (no shield)
rNeg     . . .     Faith    .   Q - +2 scale mail {rPois}
rPois    +         Spirit   .   (no helmet)
rElec    .         Reflect  +   (no cloak)
rCorr    .         Harm     .   v - +0 pair of gloves
MR       .....                  F - +0 centaur barding
Stlth    ..........             j - +3 amulet of reflection
Regen    0.3/turn               l - +2 ring of strength
MPRegen  0.2/turn               k - ring of protection from fire

@: mighty, lethally poisoned (-1 -> -2), flying, very quick
A: hooves 3, deformed body, speed 2, tough skin 3
a: Heroism, Renounce Religion


You were on level 5 of the Dungeon.
You worshipped Okawaru.
Okawaru was aware of your devotion.
You were very hungry.

You visited 2 branches of the dungeon, and saw 8 of its levels.

You collected 498 gold pieces.

Inventory:

Hand Weapons
 a - a +0 shortbow
 o - a +0 whip of venom
 t - a +2 dagger of draining (weapon)
 M - a +3 short sword of holy wrath
Missiles
 d - 15 arrows
Armour
 p - a +0 robe of magic resistance
 v - a +0 pair of gloves (worn)
 F - a +0 centaur barding (worn)
 Q - a +2 scale mail of poison resistance (worn)
Magical Staves
 N - an uncursed staff of fire
Jewellery
 j - a +3 amulet of reflection (around neck)
 k - a ring of protection from fire (right hand)
 l - a +2 ring of strength (left hand)
 E - an uncursed ring of ice
 J - an uncursed ring of protection from fire
Scrolls
 g - a scroll of vulnerability {unknown}
 r - a scroll of remove curse
 u - a scroll of enchant armour
 y - 2 scrolls of identify
 z - 2 scrolls of enchant weapon
 C - a scroll of recharging
 G - 2 scrolls of amnesia
 H - a scroll of blinking {unknown}
 L - a scroll of fear {unknown}
 P - a scroll of immolation {unknown}
Potions
 m - 5 potions of brilliance
 A - a potion of magic
 B - a potion of haste {unknown}
 O - a potion of resistance {unknown}
Books
 c - a book of Debilitation

   Spells                             Type                      Level
   a - Corona                         Hexes                        1
   b - Slow                           Hexes                        2
   c - Inner Flame                    Hexes/Fire                   3
   d - Portal Projectile              Hexes/Translocation          3
   e - Cause Fear                     Hexes                        4
   f - Leda's Liquefaction            Hexes/Earth                  4
Comestibles
 f - 7 bread rations
 q - 13 meat rations
 x - a royal jelly


   Skills:
 - Level 1.0 Fighting
 * Level 13.1 Bows
 + Level 5.6 Dodging
 - Level 1.0 Spellcasting
 + Level 7.2 Hexes


You had 8 spell levels left.
You knew the following spells:

 Your Spells              Type           Power        Failure   Level  Hunger
a - Corona                Hex            ###....      5%          1    ##.....
b - Slow                  Hex            ###.....     9%          2    ###....


Dungeon Overview and Level Annotations

Branches:
Dungeon (7/15)             Temple (1/1) D:6

Altars:
Ashenzari
Cheibriados
Dithmenos
Elyvilon
Fedhas
Gozag
Hepliaklqana
Kikubaaqudgha
Makhleb
Nemelex Xobeh
Okawaru
Qazlal
Ru
Sif Muna
Trog
Uskayaw
Vehumet
Xom
Yredelemnul
Zin
The Shining One

Shops:
D:5 [   D:7 (


Innate Abilities, Weirdness & Mutations

You have hooves in place of feet.
Armour fits poorly on your strangely shaped body.
You cover ground very quickly.
You have extremely tough skin. (AC +3)


Message History

You feel sick.
You feel sick. The killer bee stings you.
* * * LOW HITPOINT WARNING * * *
It was a potion of flight.
You feel very buoyant.
You fly up into the air.
You recover from your berserk rage.
The killer bee stings you but does no damage.
The killer bee completely misses you.
It was a potion of magic.
Magic courses through your body.
* * * LOW HITPOINT WARNING * * *
You feel sick.
The killer bee stings you but does no damage. x2
Wield which item (- for none, * to show all)? (? for menu, Esc to quit)
Okay, then.
It was a potion of might.
You feel very mighty all of a sudden. The killer bee stings you.
You die...

.....# #.##.#...#####....#...#.
.....#####...##.>.#####...#.#...#
####..........#...#......#...#...
#.##......##...#####..........
#....#.#####...#####....#...#.
####.##.#.#.....⌠...#.#...#.#...#
#.)...#.#...##.....##....#...#...
#%##.........##...####...........
...#..........##@#####.....#...#.
#..#........).(#y#........#)#...#
........#####'##y........#...#...
####.##.#........................
#....#...........................
#.####..........######.##########
#.# #..........# #...# ## #.#
#..........# ###.# #. ..#
#(..######## #.# #.


You could see 2 killer bees.

Vanquished Creatures
  Joseph (D:7)
  The ghost of Maskull the Poker, a novice HOFi of Makhleb (D:6)
  A hippogriff (D:5)
  Prince Ribbit (D:6)
  Edmund (D:6)
  A water moccasin (D:6)
  An orc warrior (D:6)
  2 sky beasts
  3 ogres
  3 ice beasts
  3 centaurs
  A crocodile (D:7)
  5 bullfrogs
  Blork the orc (D:6)
  A wyvern zombie (D:6)
  A killer bee (D:6)
  4 howler monkeys
  2 crimson imps
  A jelly (D:6)
  3 hounds
  An orc priest (D:4)
  2 bullfrog skeletons (D:6)
  5 iguanas
  7 orc wizards
  3 worker ants
  A hound zombie (D:6)
  6 gnolls (D:6)
  A worker ant zombie (D:6)
  11 adders
  A shadow imp (D:5)
  An ooze (D:2)
  An adder zombie (D:5)
  An adder skeleton (D:5)
  5 worms
  2 dart slugs
  6 leopard geckos
  24 orcs
  2 ball pythons
  10 bats
  7 giant cockroaches
  18 goblins
  15 hobgoblins
  13 jackals
  5 quokkas
  3 frilled lizards
  A jackal skeleton (D:4)
  7 kobolds
  9 rats
205 creatures vanquished.

Vanquished Creatures (others)
  A kobold (D:6)
  A plant (D:5)
2 creatures vanquished.

Grand Total: 207 creatures vanquished

Notes
Turn   | Place    | Note
-------+----------+-------------------------------------------
     0 | D:1      | Milesaru the Centaur Arcane Marksman began the quest for the Orb.
     0 | D:1      | Reached XP level 1. HP: 16/16 MP: 2/2
    84 | D:1      | Reached skill level 3 in Bows
   151 | D:1      | Reached XP level 2. HP: 23/23 MP: 1/3
   842 | D:2      | Reached XP level 3. HP: 26/28 MP: 2/4
  1221 | D:2      | You fall through a shaft!
  1488 | D:3      | Reached skill level 4 in Bows
  1541 | D:3      | Reached XP level 4. HP: 19/35 MP: 5/5
  2735 | D:4      | Noticed an ogre
  2846 | D:3      | Reached skill level 5 in Bows
  2846 | D:3      | Reached XP level 5. HP: 21/40 MP: 4/6
  3106 | D:3      | Killed an ogre
  3202 | D:3      | Reached skill level 6 in Bows
  3217 | D:4      | Reached XP level 6. HP: 35/47 MP: 4/7
  3927 | D:4      | Reached skill level 7 in Bows
  4153 | D:4      | Reached XP level 7. HP: 47/52 MP: 6/8
  4181 | D:4      | Learned a level 2 spell: Slow
  4327 | D:5      | Entered Level 5 of the Dungeon
  4534 | D:5      | Reached skill level 8 in Bows
  4807 | D:5      | Reached skill level 5 in Hexes
  5291 | D:5      | Found Amakh's Armour Shoppe.
  5318 | D:5      | Reached skill level 9 in Bows
  5318 | D:5      | Reached XP level 8. HP: 28/59 MP: 6/9
  5481 | D:5      | Noticed a hippogriff
  5549 | D:5      | Killed a hippogriff
  5594 | D:5      | Reached skill level 10 in Bows
  5808 | D:6      | Noticed Maskull's ghost (novice HOFi)
  6001 | D:6      | Killed Maskull's ghost
  6087 | D:6      | Noticed Edmund
  6141 | D:6      | Noticed Prince Ribbit
  6497 | D:6      | Reached skill level 11 in Bows
  6497 | D:6      | Reached XP level 9. HP: 40/64 MP: 8/10
  6644 | D:6      | Killed Edmund
  6737 | D:6      | Noticed Blork the orc
  6841 | D:6      | Killed Blork the orc
  7284 | D:6      | Killed Prince Ribbit
  7569 | D:6      | Found a large runed door.
  7569 | D:6      | Found a large runed door.
  7591 | D:6      | Found a large runed door.
  7591 | D:6      | Found a large runed door.
  7628 | D:6      | Reached skill level 5 in Dodging
  7635 | D:6      | Reached skill level 12 in Bows
  8238 | D:6      | Found a staircase to the Ecumenical Temple.
  8244 | Temple   | Entered the Ecumenical Temple
  8256 | Temple   | Became a worshipper of Warmaster Okawaru
  8589 | D:6      | Got a polished cloak
  8595 | D:6      | Identified the cursed -5 cloak "Pegeust" {MR+ rCorr Str+4} (You found it on level 6 of the Dungeon)
  9150 | D:7      | Found Qofidgh's Antique Weapon Emporium.
  9316 | D:7      | Noticed Joseph
  9370 | D:7      | Killed Joseph
  9370 | D:7      | Reached skill level 13 in Bows
  9397 | D:7      | Found a flagged portal.
  9770 | D:6      | Reached XP level 10. HP: 71/71 MP: 7/11
  9798 | D:6      | Reached * piety under Okawaru
  9855 | D:5      | HP: 3/71 [poisoned by a killer bee]
  9893 | D:5      | HP: 2/71 [killer bee (5)]
  9896 | D:5      | Slain by a killer bee

Skill      XL: |  1  2  3  4  5  6  7  8  9 |
---------------+----------------------------+-----
Bows           | 3 4 5 6 7 9 11 13 | 13.1
Hexes          | 3 4 5 6 7 |  7.2
Dodging        | 2 3 4 5 |  5.6
Fighting       | |  1.0
Spellcasting   | |  1.0

Action                   |  1- 3 |  4- 6 |  7- 9 | 10-12 || total
-------------------------+-------+-------+-------+-------++-------
Melee: Dagger            |    34 |    61 |   253 |    12 ||   360
       Kick              |     3 |     7 |    53 |     1 ||    64
       Shortbow          |       |     1 |       |       ||     1
 Fire: Shortbow          |    73 |   146 |   475 |     8 ||   702
 Cast: Corona            |    40 |    54 |    78 |     5 ||   177
       Slow              |       |       |    43 |     2 ||    45
  Use: Scroll            |       |     6 |     7 |     2 ||    15
       Potion            |       |     4 |     2 |     8 ||    14
  Eat: Chunk             |     2 |     9 |    12 |       ||    23
       Royal jelly       |       |       |     2 |       ||     2
       Bread ration      |       |       |     1 |       ||     1
       Fruit             |       |       |       |     1 ||     1
Armor: Robe              |    21 |    42 |   107 |       ||   170
       Scale mail        |       |       |    11 |    50 ||    61
Dodge: Dodged            |    35 |    69 |   164 |    28 ||   296
Block: Other             |       |     6 |    39 |    17 ||    62
       Reflection        |       |       |     3 |     1 ||     4
